 Dungeon Crawl Stone Soup version 0.28.0-62-gf88900778d (webtiles) character file.

Game seed: 18432417063363460842

123967 cbfl8 the Impaler (level 16, -3/133 HPs)
             Began as a Merfolk Berserker on June 24, 2023.
             Was a High Priest of Trog.
             Slain by a merfolk
             ... wielding a +0 trident
              (12 damage)
             ... on level 2 of the Shoals.
             The game lasted 00:51:55 (37925 turns).

cbfl8 the Impaler (Merfolk Berserker)              Turns: 37925, Time: 00:51:56

Health: -3/133     AC: 25    Str: 23    XL:     16   Next: 91%
Magic:  16/16      EV:  5    Int:  6    God:    Trog [*****.]
Gold:   1231       SH:  0    Dex: 17    Spells: 15/15 levels left

rFire   + . .      SeeInvis .   e - +5 demon trident (freeze)
rCold   + . .      Faith    .   H - +1 kite shield
rNeg    . . .      Spirit   .   K - +0 plate armour
rPois   +          Reflect  +   y - +2 hat
rElec   .          Harm     .   L - scarf {rC+ rF+}
rCorr   .          Rampage  .   I - +2 pair of gloves {Str+3}
Will    +....                   J - +0 pair of boots
Stlth   ..........              G - amulet of reflection
HPRegen 0.32/turn               u - ring of poison resistance
MPRegen 0.15/turn               m - +4 ring of protection

@: held, studying Polearms
A: (nimble swimmer 2), mertail, dopey 1
a: Renounce Religion, Berserk, Trog's Hand, Brothers in Arms


You were on level 2 of the Shoals.
You worshipped Trog.
Trog was extremely pleased with you.
You visited 4 branches of the dungeon, and saw 25 of its levels.
You also visited: Ice Cave.

You collected 2409 gold pieces.
You spent 1178 gold pieces at shops.

Inventory:

Hand Weapons
 e - a +5 demon trident of freezing (weapon)
 t - a +4 vampiric trident
Missiles
 E - a throwing net
Armour
 y - a +2 hat (worn)
 H - a +1 kite shield (worn)
 I - a +2 pair of gloves of strength (worn)
 J - a +0 pair of boots (worn)
 K - a +0 plate armour (worn)
 L - a scarf of resistance (worn)
Jewellery
 b - a ring of protection from fire
 m - a +4 ring of protection (right hand)
 u - a ring of poison resistance (left hand)
 G - an amulet of reflection (around neck)
Wands
 g - a wand of polymorph (10)
 w - a wand of acid (10) (quivered)
 D - a wand of flame (52)
 P - a wand of paralysis (7)
 Q - a wand of iceblast (16)
Scrolls
 a - a scroll of fear
 d - 4 scrolls of immolation
 i - 4 scrolls of noise
 k - 4 scrolls of magic mapping
 n - 4 scrolls of teleportation
 o - 7 scrolls of fog
 x - 3 scrolls of silence
 M - 2 scrolls of holy word
 N - a scroll of enchant weapon
Potions
 c - 2 potions of lignification
 f - 2 potions of ambrosia
 h - 2 potions of haste
 j - 4 potions of resistance
 l - 5 potions of curing
 p - 3 potions of flight
 q - a potion of cancellation
 s - 3 potions of berserk rage
 z - 3 potions of invisibility
 C - 5 potions of mutation
 F - 3 potions of might
Miscellaneous
 r - a piece from Xom's chessboard (15/15)
 R - a tin of tremorstones (2/2)
 T - a phantom mirror


   Skills:
 + Level 14.1 Fighting
 + Level 20.4 Polearms
 + Level 10.1 Armour
 + Level 7.0 Dodging
 + Level 9.5 Stealth
 + Level 12.5 Shields
 - Level 0.3 Spellcasting
 * Level 13.1 Evocations


You had 15 spell levels left.
You didn't know any spells.
Your spell library was empty.

Dungeon Overview and Level Annotations

Branches:
Dungeon (15/15)            Temple (0/1) D:4            Lair (6/6) D:10
 Shoals (2/4) Lair:4        Snake (0/4) Lair:3        Slime (0/5) Lair:5
    Orc (2/2) D:12            Elf (0/3) Orc:2        Vaults (0/5) D:13
 Depths (0/4) D:15          IceCv (visited)

Altars:
Dithmenos
Fedhas
Hepliaklqana
Kikubaaqudgha
Makhleb
Qazlal
Ru
Sif Muna
Vehumet
Wu Jian
Xom
Yredelemnul
The Shining One
Beogh
Jiyva

Shops:
D:8 [   D:9 !   D:15 :   Orc:2 ?:[(!

Annotations:
D:13 3 runed translucent doors, Jingleheimer's ghost, journeyman GnWn


Innate Abilities, Weirdness & Mutations

((You are very nimble when in or above water. (Stealth+, EV+, Speed+++)))
Your lower body shifts to a powerful aquatic tail in water.
You are dopey. (Int -2)


Message History

The merfolk javelineer throws a silver javelin.
The silver javelin pierces through you!
* * * LOW HITPOINT WARNING * * *
The silver sears you!
* * * LOW HITPOINT WARNING * * *
You feel much better.
The faun shoots a stone.
The stone hits you!
* * * LOW HITPOINT WARNING * * *
The merfolk hits you but does no damage.
The merfolk javelineer throws a silver javelin.
The silver javelin pierces through you.
* * * LOW HITPOINT WARNING * * *
The silver sears you!
* * * LOW HITPOINT WARNING * * *
The silver javelin pierces through the harpy!!
Unknown command.
You feel much better. The harpy claws you but does no damage.
The harpy claws you.
* * * LOW HITPOINT WARNING * * *
The faun shoots a stone.
The stone hits you but does no damage. The merfolk barely misses you.
The merfolk javelineer throws a silver javelin.
The silver javelin pierces through you but does no damage.
The silver sears you!
* * * LOW HITPOINT WARNING * * *
The silver javelin pierces through the harpy!!
The harpy dies!
As you read the scroll of fear, it crumbles to dust.
You assume a fearsome visage.
The merfolk javelineer looks frightened!
The faun looks frightened!
The merfolk resists with some effort.
The merfolk hits you from afar with a +0 trident.
* * * LOW HITPOINT WARNING * * *
As you read the scroll of summoning, it crumbles to dust.
Wisps of shadow whirl around you...
The merfolk hits you from afar with a +0 trident!!
* * * LOW HITPOINT WARNING * * *
Okay, then.
You feel better.
The merfolk hits you from afar with a +0 trident!
You die...

.PP....#P.≈≈≈≈≈≈≈≈
PPP.c....≈P≈≈≈≈≈≈≈≈
.....)≈≈≈≈≈≈≈≈≈≈≈≈≈
.....≈≈≈≈≈≈≈≈≈≈≈≈≈≈≈
.....^≈...≈≈≈≈≈≈≈≈≈≈
........≈≈≈≈≈≈≈≈≈≈≈
......#..≈≈Y.S≈≈≈≈≈
###..###Y)C..≈≈≈≈≈≈
#..###.([@..≈≈≈≈≈
#.....≈≈.##..≈≈≈≈
##:..≈≈m.###.≈≈≈≈
≈≈...≈≈≈≈)≈≈....≈≈≈≈
.....≈≈≈≈≈≈≈..≈≈≈≈≈≈
...≈≈≈≈≈≈m≈≈≈≈≈..≈≈≈
..≈.≈≈≈≈≈≈≈≈≈≈≈...≈≈
(≈≈≈≈≈≈≈≈≈≈≈≈≈≈≈≈≈≈≈
≈≈≈≈≈≈≈≈≈≈≈≈≈≈≈≈≈≈≈≈


You could see a merfolk javelineer (fleeing), a merfolk (ally target), a faun
(fleeing), a friendly sea snake (summoned), a friendly cyclops (summoned) and 2
friendly dream sheep.

Vanquished Creatures
  Saint Roka (Orc:2)
  Kirke (Lair:4)
  2 very ugly things (IceCv)
  Azrael (D:14)
  Snorg (Lair:6)
  Josephine (Shoals:1)
  8 hydras
  2 ogre magi
  6 two-headed ogres
  A catoblepas (D:13)
  A merfolk aquamancer (Shoals:2)
  2 merfolk avatars
  2 centaur warriors
  An alligator (D:15)
  2 death knights
  8 death yaks
  Sonja (Orc:1)
  A tengu warrior (D:13)
  8 skeletal warriors
  A wizard (D:10)
  Pikel (D:4)
  An orb spider (shapeshifter) (D:13)
  7 sea snakes
  A harpy (shapeshifter) (D:13)
  2 orange crystal statues (IceCv)
  A phantasmal warrior (D:14)
  15 ugly things
  An orc knight (Orc:1)
  20 harpies
  11 orc sorcerers
  3 deep elf pyromancers
  A salamander (D:15)
  A wolf spider (D:13)
  5 manticores
  2 cyclopes
  4 black mambas
  A merfolk siren (Shoals:2)
  5 elephants
  8 cane toads
  2 gargoyles
  Maggie (D:7)
  A torpor snail (Lair:6)
  3 tengu conjurers
  8 freezing wraiths
  A yaktaur (D:10)
  4 rime drakes
  2 golden dragon simulacra (IceCv)
  2 efreet
  15 komodo dragons
  An anaconda simulacrum (Shoals:1)
  2 meliai (D:14)
  Grinder (D:5)
  5 merfolk
  5 polar bears
  A wolf spider simulacrum (D:15)
  A tyrant leech (D:15)
  A hornet (D:8)
  5 wind drakes
  7 trolls
  Prince Ribbit (D:5)
  22 blink frogs
  3 dream sheep (Lair:6)
  7 slime creatures
  A snapping turtle (Shoals:2)
  A snapping turtle (shapeshifter) (D:15)
  A meliai zombie (D:10)
  4 shadows
  A water elemental (Shoals:2)
  6 wyverns
  3 dire elephant simulacra (IceCv)
  59 yaks
  4 fire elementals (D:14)
  Eustachio (D:4)
  8 wraiths
  A vampire (D:14)
  A fire bat (D:13)
  3 hogs (Lair:4)
  4 steam dragons
  9 basilisks
  4 harpy simulacra
  Menkaure (D:4)
  20 vampire mosquitoes
  4 wargs
  19 water moccasins
  An acid dragon (D:10)
  3 nagas (Lair:3)
  Duvessa (D:5)
  2 hydra simulacra (IceCv)
  A sky beast (D:6)
  A black bear (shapeshifter) (D:10)
  16 orc warriors
  4 alligator simulacra (IceCv)
  8 ogres
  12 wolves
  7 black bears
  2 necrophages
  A tengu (D:14)
  12 centaurs
  A phantom (D:5)
  A lemure (D:4)
  Blork the orc (D:5)
  3 kobold brigands
  7 bullfrogs
  3 gnoll sergeants
  3 water moccasin zombies (D:5)
  Dowan (D:5)
  3 lindwurm simulacra (IceCv)
  6 killer bees (D:8)
  3 wights (D:5)
  7 centaur zombies
  An electric eel (D:14)
  3 howler monkeys (D:14)
  3 bullfrog zombies (D:5)
  A human zombie (D:5)
  9 orc priests
  3 bullfrog skeletons
  A centaur skeleton (D:5)
  5 hounds
  37 orc wizards
  Ijyb (D:5)
  Natasha (thrice) (D:4)
  An iguana (D:4)
  A killer bee zombie (D:8)
  6 gnolls
  6 adders
  A white imp (D:6)
  An ufetubus (D:5)
  An adder zombie (D:5)
  An adder skeleton (D:4)
  3 dart slugs
  71 orcs
  4 ball pythons
  7 endoplasms
  4 giant cockroaches
  3 goblins
  5 hobgoblins
  3 quokkas
  7 bats
  6 frilled lizards
  10 kobolds
  6 rats
721 creatures vanquished.

Vanquished Creatures (collateral kills)
  Donald (Shoals:1)
  Roxanne (D:14)
  An entropy weaver simulacrum (Shoals:1)
  A dire elephant simulacrum (Shoals:1)
  A minotaur simulacrum (Shoals:1)
  A lindwurm simulacrum (Shoals:1)
6 creatures vanquished.

Vanquished Creatures (others)
  A harpy (Shoals:2)
  2 orc wizards
  A kobold (D:9)
  23 fungi
  51 plants
78 creatures vanquished.

Grand Total: 805 creatures vanquished

Notes
Turn   | Place    | Note
-------+----------+-------------------------------------------
     0 | D:1      | cbfl8 the Merfolk Berserker began the quest for the Orb.
     0 | D:1      | Reached XP level 1. HP: 18/18 MP: 1/1
   272 | D:1      | Reached XP level 2. HP: 24/24 MP: 2/2
   608 | D:2      | Found a shadowy altar of Dithmenos.
   748 | D:2      | Reached skill level 5 in Polearms
   752 | D:2      | Reached XP level 3. HP: 29/29 MP: 3/3
   808 | D:2      | Reached ** piety under Trog
  1005 | D:2      | Identified a scroll of acquirement
  1009 | D:2      | Acquired a +3 demon trident of freezing
  1067 | D:3      | Reached skill level 1 in Evocations
  1132 | D:3      | Reached skill level 1 in Stealth
  1580 | D:3      | Reached XP level 4. HP: 37/37 MP: 4/4
  2018 | D:3      | Found a faded altar of an unknown god.
  2079 | D:3      | Identified the +3 whip of Awkwardness {speed, Will+ Stlth+}
  2127 | D:4      | Reached XP level 5. HP: 35/42 MP: 5/5
  2347 | D:4      | Found a staircase to the Ecumenical Temple.
  2428 | D:4      | Noticed Natasha
  2435 | D:4      | Killed Natasha
  2436 | D:4      | Reached skill level 6 in Polearms
  2457 | D:4      | Reached *** piety under Trog
  2480 | D:4      | Noticed a lemure
  2480 | D:4      | Noticed a lemure
  2482 | D:4      | Noticed Pikel
  2483 | D:4      | Noticed a lemure
  2485 | D:4      | Killed a lemure
  2491 | D:4      | Noticed a lemure
  2500 | D:4      | Killed Pikel
  2501 | D:4      | Reached skill level 7 in Polearms
  2501 | D:4      | Reached XP level 6. HP: 49/49 MP: 6/6
  2501 | D:4      | Reached XP level 7. HP: 55/55 MP: 7/7
  2615 | D:4      | Reached skill level 8 in Polearms
  2734 | D:4      | Noticed Menkaure
  2741 | D:4      | Killed Menkaure
  2742 | D:4      | Reached XP level 8. HP: 32/61 MP: 8/8
  2934 | D:4      | Noticed Natasha
  2939 | D:4      | Killed Natasha
  3240 | D:4      | Noticed Natasha
  3245 | D:4      | Killed Natasha
  3246 | D:4      | Reached skill level 9 in Polearms
  3259 | D:5      | Entered Level 5 of the Dungeon
  3512 | D:5      | Noticed Blork the orc
  3515 | D:5      | Noticed Eustachio
  3520 | D:5      | Noticed Ijyb
  3521 | D:5      | Killed Blork the orc
  3560 | D:6      | Reached skill level 5 in Fighting
  3905 | D:6      | Reached skill level 10 in Polearms
  3948 | D:6      | Reached skill level 5 in Stealth
  3986 | D:6      | Reached XP level 9. HP: 66/68 MP: 9/9
  4317 | D:5      | Found a sacrificial altar of Ru.
  4394 | D:5      | Noticed Grinder
  4394 | D:5      | Noticed Dowan
  4397 | D:5      | Noticed Duvessa
  4406 | D:5      | Killed Grinder
  4407 | D:5      | Reached skill level 11 in Polearms
  4410 | D:5      | Killed Duvessa
  4414 | D:5      | Killed Dowan
  4512 | D:4      | Killed Eustachio
  4811 | D:5      | Reached skill level 12 in Polearms
  4813 | D:5      | Found a basalt altar of Yredelemnul.
  4822 | D:5      | Reached skill level 5 in Evocations
  4988 | D:5      | Killed Ijyb
  5051 | D:5      | Noticed Prince Ribbit
  5065 | D:5      | Killed Prince Ribbit
  5066 | D:5      | Reached XP level 10. HP: 77/77 MP: 10/10
  5309 | D:6      | Found a shimmering blue altar of Sif Muna.
  6069 | D:7      | Reached **** piety under Trog
  6070 | D:7      | Reached skill level 13 in Polearms
  6347 | D:7      | Identified the +6 mace of Demonkind {venom, Will+ Str-4
                  | Int+4}
  6384 | D:7      | Noticed Maggie
  6392 | D:7      | Killed Maggie
  7407 | D:8      | Found a glowing golden altar of the Shining One.
  7409 | D:8      | Found a hazy altar of Hepliaklqana.
  7435 | D:8      | Reached skill level 14 in Polearms
  7582 | D:8      | Reached skill level 1 in Shields
  8020 | D:8      | Found Haffoc's Armour Shoppe.
  8309 | D:9      | Found a blossoming altar of Fedhas.
  8433 | D:9      | Reached XP level 11. HP: 68/84 MP: 11/11
  8587 | D:9      | Found an ornate altar of the Wu Jian Council.
  8626 | D:9      | Found Quital's Distillery.
  8629 | D:9      | Bought a potion of might for 56 gold pieces
  9060 | D:9      | Found a shadowy altar of Dithmenos.
  9281 | D:10     | Entered Level 10 of the Dungeon
  9347 | D:10     | Noticed a two-headed ogre
  9347 | D:10     | Noticed a two-headed ogre
  9356 | D:10     | Killed a two-headed ogre
  9357 | D:10     | Reached skill level 5 in Armour
  9360 | D:10     | Killed a two-headed ogre
  9418 | D:10     | Reached skill level 5 in Dodging
  9419 | D:10     | HP: 1/129 [gargoyle/stone arrow (19)]
  9894 | D:10     | Found a shimmering altar of Xom.
 10050 | D:10     | Reached skill level 15 in Polearms
 10053 | D:10     | Found a stormy altar of Qazlal.
 10129 | D:10     | Reached ***** piety under Trog
 10139 | D:10     | Noticed a two-headed ogre
 10146 | D:10     | Killed a two-headed ogre
 10468 | D:10     | Noticed a cyclops
 10480 | D:10     | Killed a cyclops
 10481 | D:10     | Reached XP level 12. HP: 90/94 MP: 12/12
 10955 | D:10     | Found a staircase to the Lair.
 10984 | D:10     | Reached skill level 5 in Shields
 12578 | D:12     | Noticed a two-headed ogre
 12584 | D:12     | Killed a two-headed ogre
 13151 | D:12     | Found a staircase to the Orcish Mines.
 13197 | D:12     | Noticed a two-headed ogre
 13201 | D:12     | Killed a two-headed ogre
 13924 | D:13     | Reached XP level 13. HP: 102/103 MP: 13/13
 14049 | D:13     | Reached skill level 16 in Polearms
 14055 | D:13     | Reached skill level 10 in Fighting
 14416 | D:13     | Found a runed translucent gate.
 14418 | D:13     | Found a runed translucent gate.
 14420 | D:13     | Found a runed translucent gate.
 14441 | D:13     | Paralysed by something for 5 turns
 14742 | D:13     | Identified the +4 ring mail of Unambiguity {Dex+3 Slay+5}
 14745 | D:13     | Noticed Jingleheimer's ghost (journeyman GnWn)
 14848 | D:13     | Noticed Maurice
 15138 | D:13     | Found a gate to the Vaults.
 15893 | D:13     | Identified the +1 leather armour of the Skies Above {rPois
                  | Slay-6 Stlth+}
 17287 | D:13     | Noticed Maurice
 17287 | D:13     | Maurice changed into Maurice the fire bat
 17292 | D:13     | Killed Maurice the fire bat
 17332 | D:14     | Reached skill level 10 in Evocations
 17564 | D:14     | Noticed Roxanne
 17592 | D:14     | Killed Roxanne
 18034 | D:14     | Noticed Azrael
 18044 | D:14     | Killed Azrael
 18065 | D:14     | Reached skill level 17 in Polearms
 18397 | D:14     | Reached XP level 14. HP: 113/113 MP: 14/14
 19025 | D:15     | Entered Level 15 of the Dungeon
 19568 | D:15     | Received a gift from Trog
 20318 | D:15     | Found a burning altar of Makhleb.
 20318 | D:15     | Noticed an Executioner
 20354 | D:15     | Found a staircase to the Depths.
 20633 | D:15     | Found Eklupi's Book Shoppe.
 21208 | Lair:1   | Entered Level 1 of the Lair of Beasts
 22903 | Lair:3   | Found a staircase to the Snake Pit.
 23610 | Lair:3   | Reached skill level 18 in Polearms
 24103 | Lair:4   | Noticed Kirke
 24106 | Lair:4   | Noticed a sphinx
 24857 | Lair:4   | Reached XP level 15. HP: 120/120 MP: 15/15
 25643 | Lair:4   | Killed Kirke
 25940 | Lair:4   | Found a staircase to the Shoals.
 26403 | Lair:5   | Received a gift from Trog
 26654 | Lair:5   | Found a staircase to the Slime Pits.
 26654 | Lair:5   | Found a viscous altar of Jiyva.
 26663 | Lair:5   | Reached skill level 10 in Shields
 27351 | Lair:6   | Entered Level 6 of the Lair of Beasts
 27357 | Lair:6   | Noticed Snorg
 27373 | Lair:6   | Killed Snorg
 29489 | Lair:6   | Found the +7 captain's cutlass {speed, disarm}
 30000 | Orc:1    | Entered Level 1 of the Orcish Mines
 30340 | Orc:2    | Entered Level 2 of the Orcish Mines
 30362 | Orc:1    | Noticed Sonja
 30365 | Orc:1    | Killed Sonja
 30366 | Orc:1    | Reached XP level 16. HP: 130/130 MP: 16/16
 30443 | Orc:1    | Reached skill level 19 in Polearms
 31061 | Orc:2    | Found Vuusoq's Distillery.
 31104 | Orc:2    | Bought a potion of heal wounds for 80 gold pieces
 31104 | Orc:2    | Bought a potion of heal wounds for 80 gold pieces
 31329 | Orc:2    | Found a staircase to the Elven Halls.
 31363 | Orc:2    | Noticed Saint Roka
 31372 | Orc:2    | Gained mutation: You are dopey. (Int -2) [a neqoxec]
 31825 | Orc:2    | Killed Saint Roka
 32181 | Orc:2    | Received a gift from Trog
 32610 | Orc:2    | Found Sungiukh's Antique Weapon Shop.
 32704 | Orc:2    | Found Weckopna's Antique Armour Boutique.
 32710 | Orc:2    | Paralysed by something for 6 turns
 33043 | Orc:2    | Found an ancient bone altar of Kikubaaqudgha.
 33047 | Orc:2    | Found Jery's Book Boutique.
 33083 | Orc:2    | Bought a manual of Polearms for 800 gold pieces
 33088 | Orc:2    | Found a radiant altar of Vehumet.
 33109 | Orc:2    | Found Xylen's Magic Scroll Shop.
 33127 | Orc:2    | Reached ****** piety under Trog
 33145 | Orc:2    | Bought a scroll of teleportation for 54 gold pieces
 33145 | Orc:2    | Bought a scroll of identify for 36 gold pieces
 33145 | Orc:2    | Bought a scroll of identify for 36 gold pieces
 33145 | Orc:2    | Bought a scroll of identify for 36 gold pieces
 33599 | Shoals:1 | Entered Level 1 of the Shoals
 33661 | Shoals:1 | Noticed Josephine
 33680 | Shoals:1 | Killed Josephine
 33878 | Shoals:1 | Found a frozen archway.
 33878 | Shoals:1 | Noticed Donald
 33927 | Shoals:1 | Killed Donald
 33976 | IceCv    | Entered an ice cave
 34011 | IceCv    | Received a gift from Trog
 34469 | IceCv    | Identified the +2 ring mail of Huane {Slay+2}
 34499 | IceCv    | Reached skill level 20 in Polearms
 35932 | IceCv    | Identified the +0 leather armour of Elaebug {Int+6}
 36798 | Shoals:1 | Reached skill level 10 in Armour
 37920 | Shoals:2 | HP: 6/133 [merfolk javelineer/silver javelin (15)]
 37924 | Shoals:2 | HP: 1/133 [merfolk/+0 trident (19)]
 37925 | Shoals:2 | Slain by a merfolk

Illustrated notes

Levels and vault maps discovered:
D:1:      ncdulo_watergridlock, layout_basic, minmay_hexomino_u4
D:2:      layout_rooms, basic_altar
D:3:      layout_rooms, shapermc_ecumenical_altar_petra
D:4:      layout_loops_ring, minmay_temple_entry_butterflies,
          roderic_roman_lattice, uniq_natasha, uniq_pikel, uniq_menkaure
D:5:      layout_cave_pools, lemuel_mausoleum_altar_yredelemnul,
          nicolae_ru_awakened_eye, uniq_ijyb, uniq_duvessa, uniq_blork_the_orc,
          uniq_prince_ribbit1, uniq_grinder, uniq_eustachio
D:6:      wander_river, layout_rooms, mainiacjoe_overflow_small_starburst
D:7:      layout_rooms, lemuel_flamethrower_2, uniq_maggie
D:8:      layout_basic, nicolae_overflow_hidden_temple, serial_shops,
          nicolae_shop_statue_plus
D:9:      layout_roguey, mainiacjoe_overflow_six_doors_small, fedhas_altar_1,
          lemuel_doored_altar, serial_shops, nicolae_shop_behind_doors
D:10:     minmay_quarter_circles, layout_loops_ring, tgw_xom,
          kennysheep_mini_moat, david_lair_generic
D:11:     layout_layer_cave
D:12:     layout_basic, orc_0_dummy
D:13:     minmay_the_grid_triangle_9x9_rhombus_thin_mashed
          [minmay_the_grid_triangle_9x9_minimal,
          minmay_the_grid_triangle_9x9_prize_top_heavy,
          minmay_the_grid_triangle_9x9_warning,
          minmay_the_grid_triangle_9x9_alien], layout_loops_corners,
          gammafunk_ghost_necromancy, uniq_maurice
D:14:     layout_loops_ring, nicolae_water_bricks, uniq_azrael, uniq_roxanne
D:15:     hangedman_depths_entry_try_elsewhere_first, layout_basic,
          serial_shops, shop, roderic_lattice_a, makhleb_altar_promises_db
Lair:1:   layout_concentric_octagons, grunt_megastairs_2,
          infiniplex_staircase_pool_2
Lair:2:   layout_hall_layers
Lair:3:   layout_regular_city, guppyfry_snake_entry_island, minmay_holes
Lair:4:   layout_loops_ring, elwin_shoals_entry_rocks, grunt_megastairs_3,
          uniq_kirke
Lair:5:   layout_regular_city, slime_altar_1, grunt_megastairs_1
Lair:6:   gammafunk_lair_ancient_temple, layout_gridlike, uniq_snorg
Shoals:1: layout_shoals, portal_ice_cave_entry_ice_simulacra, uniq_donald,
          uniq_josephine
Shoals:2: nicolae_shoals_lighthouse, layout_shoals, abandoned_shop
Orc:1:    layout_diamond_mine, uniq_sonja
Orc:2:    kennysheep_orc_mage_school, layout_caves, serial_shops,
          nicolae_shop_statue_plus, hellmonk_bongcloud_opening, uniq_saint_roka

Skill      XL: |  1  2  3  4  5  6  7  8  9 10 11 12 13 14 15 16 |
---------------+-------------------------------------------------+-----
Polearms       | 5 7 8 10 12 14 15 17 18 20 | 20.4
Evocations     | 1 3 4 5 6 7 8 10 11 12 13 | 13.1
Stealth        | 1 3 5 6 7 9 |  9.5
Dodging        | 3 4 5 6 7 |  7.0
Fighting       | 4 5 6 7 8 9 11 12 13 14 | 14.1
Armour         | 2 3 4 5 6 7 8 9 10 | 10.1
Shields        | 1 4 6 8 9 11 12 | 12.5
Spellcasting   | |  0.3

Action                   |  1- 3 |  4- 6 |  7- 9 | 10-12 | 13-15 | 16-18 || total
-------------------------+-------+-------+-------+-------+-------+-------++-------
Melee: Spear             |    92 |       |       |       |       |       ||    92
       Demon trident     |    27 |    64 |   252 |   555 |  1271 |   644 ||  2813
       Punch             |       |     2 |     3 |       |       |       ||     5
       Glaive            |       |       |       |    48 |       |       ||    48
       Tailslap          |       |       |       |     2 |     3 |    11 ||    16
       Unarmed           |       |       |       |       |     1 |       ||     1
Throw: Throwing net      |       |       |       |     1 |       |       ||     1
Invok: Berserk           |       |     1 |     3 |     3 |    11 |     8 ||    26
       Trog's Hand       |       |       |     1 |     1 |     2 |     3 ||     7
       Brothers in Arms  |       |       |       |       |       |     3 ||     3
Evoke: Wand              |       |       |       |     2 |    29 |     6 ||    37
  Use: Scroll            |     6 |     3 |     5 |    10 |    15 |    19 ||    58
       Potion            |       |       |       |       |     4 |     5 ||     9
 Stab: Distracted        |       |     1 |       |     1 |       |       ||     2
       Sleeping          |       |       |       |     1 |     2 |       ||     3
Armor: Ring mail         |    32 |    10 |       |       |       |       ||    42
       Plate armour      |       |    14 |    49 |       |   211 |   363 ||   637
       Chain mail        |       |       |    58 |   153 |   165 |       ||   376
Dodge: Dodged            |    57 |    23 |    49 |   107 |   237 |   214 ||   687
Block: Kite shield       |       |       |       |   283 |   850 |   494 ||  1627
       Reflection        |       |       |       |    36 |    13 |     8 ||    57
       Other             |       |       |       |     1 |     2 |       ||     3
       Buckler           |       |       |       |       |       |    72 ||    72
